 Dungeon Crawl Stone Soup version 0.27-a0-633-gc6addc0a40 (webtiles) character file.

Game seed: 3543766500437648129

5947 scammafunk the Fighter (level 10, -5/93 HPs)
             Began as a Minotaur Fighter on Mar 13, 2021.
             Was a High Priest of Okawaru.
             Killed from afar by a deep elf pyromancer (34 damage)
             ... with a bolt of fire
             ... on level 9 of the Dungeon.
             The game lasted 00:30:33 (8292 turns).

scammafunk the Fighter (Minotaur Fighter)           Turns: 8292, Time: 00:30:35

Health: -5/93      AC: 14    Str: 24    XL:     10   Next: 54%
Magic:  10/10      EV: 14    Int:  5    God:    Okawaru [*****.]
Gold:   451        SH: 14    Dex: 10    Spells: 9/9 levels left

rFire    . . .     SeeInvis .   y - +4 broad axe
rCold    . . .     Faith    .   c - +0 kite shield
rNeg     . . .     Spirit   .   q - +0 chain mail
rPois    .         Reflect  .   H - +0 hat
rElec    .         Harm     .   (no cloak)
rCorr    .         Rampage  .   (no gloves)
Will     .....                  h - +0 pair of boots
Stlth    ..........             l - amulet of magic regeneration
HPRegen  0.25/turn              m - +4 ring of evasion
MPRegen  0.37/turn              (no ring)

@: heroic
A: horns 2, retaliatory headbutt, claws 1, fangs 1, low mp 1, evolution 1
a: Renounce Religion, Heroism, Finesse


You were on level 9 of the Dungeon.
You worshipped Okawaru.
Okawaru was extremely pleased with you.
You visited 2 branches of the dungeon, and saw 10 of its levels.

You collected 724 gold pieces.
You spent 273 gold pieces at shops.

Inventory:

Hand Weapons
 e - a +0 scythe
 y - a +4 broad axe (weapon)
Armour
 c - a +0 kite shield (worn)
 h - a +0 pair of boots (worn)
 q - a +0 chain mail (worn)
 C - a +0 tower shield
 H - a +0 hat (worn)
Jewellery
 a - a +6 ring of dexterity
 l - an amulet of magic regeneration (around neck)
 m - a +4 ring of evasion (right claw)
 w - a +4 ring of protection
 D - an amulet of the acrobat
Wands
 b - a wand of charming (13)
 v - a wand of polymorph (7)
 E - a wand of acid (4)
Scrolls
 f - a scroll of noise {unknown}
 i - 2 scrolls of teleportation
 k - 3 scrolls of random uselessness
 u - 2 scrolls of fear
 x - 4 scrolls of identify
 B - 3 scrolls of magic mapping {unknown}
 F - a scroll of immolation {unknown}
 G - a scroll of fog {unknown}
Potions
 d - 3 potions of might
 g - 2 potions of berserk rage {unknown}
 j - 3 potions of flight
 n - a potion of haste
 o - 3 potions of curing
 p - a potion of lignification {unknown}
 r - 2 potions of resistance
 s - 2 potions of heal wounds {unknown}
 t - a potion of experience {unknown}
 z - 2 potions of attraction {unknown}
 A - a potion of brilliance {unknown}


   Skills:
 - Level 10.1(15.1) Fighting
 + Level 9.3(14.8) Axes
 + Level 4.6(12.6) Polearms
 - Level 9.5(14.5) Armour
 - Level 9.4(14.4) Shields
 * Level 3.3 Invocations


You had 9 spell levels left.
You didn't know any spells.
Your spell library contained the following spells:

 Spells                   Type           Power      Damage    Failure   Level
 Animate Skeleton         Necr           0%         N/A       94%         1
 Pain                     Necr           0%         1d4       94%         1
 Conjure Flame            Conj/Fire      0%         6-21      100%        3
 Stone Arrow              Conj/Erth      0%         3d7       100%        3
 Vampiric Draining        Necr           0%         2d6       100%        3
 Animate Dead             Necr           0%         N/A       100%        4
 Sticky Flame             Conj/Fire      0%         2d3       100%        4
 Agony                    Necr           0%         N/A       100%        5
 Irradiate                Conj/Tmut      0%         3d13      100%        5
 Silence                  Hex/Air        0%         N/A       100%        5


Dungeon Overview and Level Annotations

Branches:
Dungeon (9/15)             Temple (1/1) D:7
   Lair: D:8-11         Orc: D:9-12

Altars:
Ashenzari
Cheibriados
Dithmenos
Elyvilon
Fedhas
Gozag
Hepliaklqana
Kikubaaqudgha
Makhleb
Nemelex Xobeh
Okawaru
Qazlal
Ru
Sif Muna
Trog
Uskayaw
Vehumet
Wu Jian
Xom
Yredelemnul
Zin
The Shining One

Shops:
D:6 (?(


Innate Abilities, Weirdness & Mutations

You have a pair of horns on your head.
You reflexively headbutt those who attack you in melee.
You have sharp fingernails.
You have very sharp teeth.
Your magical capacity is low. (-10% MP)
You evolve.


Message History

The komodo dragon dies!
You slash the fire elemental! You headbutt the fire elemental.
The fire elemental is moderately damaged.
You block the fire elemental's attack.
You slice the fire elemental!!
You destroy the fire elemental!
The deep elf pyromancer mumbles some strange words.
You hit the deep elf pyromancer.
The deep elf pyromancer is heavily wounded.
You block the deep elf pyromancer's attack.
You barely miss the deep elf pyromancer.
The deep elf pyromancer is moderately wounded.
You slash the deep elf pyromancer!
Your bite misses the deep elf pyromancer.
The deep elf pyromancer is severely wounded.
You slash the fire elemental!
The deep elf pyromancer hits you but does no damage.
The fire elemental closely misses you. You furiously retaliate!
You headbutt the fire elemental. You slash the deep elf pyromancer!
Your bite misses the deep elf pyromancer.
The deep elf pyromancer is almost dead.
You completely miss the fire elemental. You block the fire elemental's attack.
The deep elf pyromancer casts a spell at you.
The bolt of fire hits you!!
* * * LOW HITPOINT WARNING * * *
You feel better. The fire elemental barely misses you.
The deep elf pyromancer casts a spell.
The deep elf pyromancer blinks!
You block the fire elemental's attack.
You closely miss the fire elemental. You headbutt the fire elemental.
You bite the fire elemental, but do no damage.
The fire elemental is severely damaged.
The fire elemental misses you.
You hit the fire elemental.
The fire elemental is severely damaged.
The fire elemental completely misses you.
The deep elf pyromancer points at you and mumbles some strange words.
The bolt of fire misses the fire elemental.
The bolt of fire hits you!!
You die...

.......#####.####
.......##.##.##.#
######.'...†....#
#.##.##.##.#
#.#####.########
#.####...# ..$ #
#.##.##†#####.# #
#
#.##.##)##.##e##.#
#
#.##.......@E°...#
#
#.##.##.##.##5##.#
# #.#####.#####.#
# #.# #(...# ... #
#.######## ##.## #
#..# #.# # #..#
... ######..# #.#
........# #.#


You could see a deep elf pyromancer, a fire elemental (summoned) and an
ufetubus.

Vanquished Creatures
  The ghost of robertstho the Frost Mage, a novice GnIE of Sif Muna (D:8)
  Joseph (D:8)
  A gargoyle (D:8)
  A kobold demonologist (D:9)
  A tengu conjurer (D:9)
  Prince Ribbit (D:7)
  A yak (D:9)
  A wyvern (D:9)
  Grum (D:6)
  2 ice beasts
  5 sky beasts
  An orc warrior (D:8)
  2 ogres
  A phantom (D:9)
  2 kobold brigands
  A wyvern zombie (D:6)
  6 bullfrogs
  2 gnoll sergeants (D:6)
  2 scorpions (D:9)
  5 spriggan skeletons (D:9)
  5 killer bees (D:8)
  2 howler monkeys (D:8)
  A troll skeleton (D:9)
  2 centaur zombies
  2 bullfrog zombies
  A crimson imp (D:4)
  A jelly (D:5)
  An orc priest (D:5)
  10 hounds
  A bullfrog skeleton (D:5)
  A centaur skeleton (D:9)
  7 orc wizards
  4 iguanas
  8 worker ants
  A killer bee zombie (D:6)
  6 adders
  8 gnolls (D:6)
  A howler monkey skeleton (D:8)
  2 shadow imps (D:9)
  3 white imps
  2 ufetubi (D:7)
  2 worms (D:3)
  4 dart slugs
  6 leopard geckos
  19 orcs
  8 giant cockroaches
  9 hobgoblins
  4 jackals
  6 quokkas
  A ball python (D:2)
  5 bats
  7 frilled lizards
  3 goblins
  A jackal zombie (D:9)
  14 kobolds
  A leopard gecko skeleton (D:6)
  7 rats
204 creatures vanquished.

Vanquished Creatures (others)
  A komodo dragon (D:9)
  6 fungi (D:9)
  31 plants
38 creatures vanquished.

Grand Total: 242 creatures vanquished

Notes
Turn   | Place    | Note
-------+----------+-------------------------------------------
     0 | D:1      | scammafunk the Minotaur Fighter began the quest for the
                  | Orb.
     0 | D:1      | Reached XP level 1. HP: 19/19 MP: 0/0
   167 | D:1      | Reached XP level 2. HP: 27/27 MP: 1/1
   186 | D:1      | Reached skill level 4 in Fighting
  1040 | D:2      | Reached XP level 3. HP: 31/34 MP: 2/2
  1076 | D:2      | Found an iron altar of Okawaru.
  1085 | D:2      | Became a worshipper of Warmaster Okawaru
  1412 | D:2      | Reached XP level 4. HP: 37/41 MP: 3/3
  2065 | D:3      | Reached skill level 5 in Fighting
  2268 | D:3      | Reached XP level 5. HP: 44/48 MP: 4/4
  2536 | D:3      | Gained mutation: You have very sharp teeth. [potion of
                  | mutation]
  2536 | D:3      | Gained mutation: Your magical capacity is low. (-10% MP)
                  | [potion of mutation]
  2536 | D:3      | Gained mutation: You evolve. [potion of mutation]
  2765 | D:4      | Gained mutation: You have sharp fingernails. [evolution]
  3203 | D:5      | Entered Level 5 of the Dungeon
  3224 | D:5      | Reached XP level 6. HP: 51/57 MP: 4/4
  3283 | D:5      | Reached skill level 6 in Fighting
  3283 | D:5      | Reached skill level 5 in Armour
  3357 | D:5      | Found a stormy altar of Qazlal.
  3359 | D:5      | Noticed a fire elemental
  3360 | D:5      | Noticed a water elemental
  3360 | D:5      | Noticed an air elemental
  3468 | D:5      | Reached skill level 5 in Shields
  3940 | D:6      | Reached * piety under Okawaru
  3956 | D:6      | Reached XP level 7. HP: 55/64 MP: 5/5
  4002 | D:6      | Noticed Grum
  4008 | D:6      | Killed Grum
  4009 | D:6      | Reached skill level 5 in Axes
  4083 | D:6      | Reached ** piety under Okawaru
  4084 | D:6      | Reached skill level 7 in Fighting
  4237 | D:6      | Found Soblulaf's Weapon Emporium.
  4240 | D:6      | Reached XP level 8. HP: 40/73 MP: 6/6
  4249 | D:6      | Bought a +3 broad axe for 273 gold pieces
  4511 | D:6      | Found a sacrificial altar of Ru.
  4533 | D:6      | Found Ataxir's Weapon Emporium.
  4573 | D:6      | Found Garylic's Magic Scroll Emporium.
  4937 | D:7      | Reached *** piety under Okawaru
  4974 | D:7      | Found an opulent altar of Gozag.
  5063 | D:7      | Reached skill level 8 in Fighting
  5297 | D:7      | Noticed Prince Ribbit
  5376 | D:7      | Killed Prince Ribbit
  5539 | D:7      | Reached XP level 9. HP: 82/82 MP: 7/7
  5593 | D:7      | Found a staircase to the Ecumenical Temple.
  5642 | Temple   | Entered the Ecumenical Temple
  5863 | D:8      | Found an iron altar of Okawaru.
  5976 | D:8      | Noticed Joseph
  6001 | D:8      | Killed Joseph
  6001 | D:8      | Reached **** piety under Okawaru
  6002 | D:8      | Reached skill level 9 in Fighting
  6271 | D:8      | Reached skill level 1 in Polearms
  6472 | D:8      | Found a runed translucent door.
  6472 | D:8      | Noticed robertstho's ghost (novice GnIE)
  6492 | D:8      | Killed robertstho's ghost
  6560 | D:8      | Identified Haomeoq's Handbook of Feathers and Confrontation
  6796 | D:8      | Noticed a gargoyle
  6801 | D:8      | Killed a gargoyle
  6801 | D:8      | Reached ***** piety under Okawaru
  6802 | D:8      | Reached XP level 10. HP: 74/92 MP: 8/8
  7379 | D:8      | Found a shimmering blue altar of Sif Muna.
  7478 | D:9      | Found a shimmering altar of Xom.
  7646 | D:9      | Received a gift from Okawaru
  7681 | D:9      | Reached skill level 1 in Invocations
  8221 | D:9      | Reached skill level 10 in Fighting
  8252 | D:9      | Noticed a deep elf pyromancer
  8272 | D:9      | Noticed a gargoyle
  8292 | D:9      | Killed from afar by a deep elf pyromancer

Illustrated notes

Levels and vault maps discovered:
D:1:      nzn_arrival_crosshair, layout_basic, serial_curves, eino_curves_01,
          eino_curves_04, chequers_serial_rivers_micro_e
D:2:      layout_loops_ring, serial_bayou, serial_bayou_crossing,
          serial_bayou_lake_a, serial_bayou_pond_c, serial_bayou_shore_b,
          serial_bayou_lagoon_b, serial_bayou_pond_b, okawaru_gym_becter
D:3:      layout_basic, minmay_misc_feat_iff, grunt_ministairs_7,
          minmay_misc_feat_columns
D:4:      layout_cave_pools, minmay_fire_ice_demons
D:5:      layout_gridville, nicolae_qazlal_style_of_elements
D:6:      layout_cave_pools, nicolae_ru_path_of_blood, serial_shops,
          nicolae_shop_trees, serial_gnoll_camp, grums_kennel,
          gnoll_camp_mini_shop, gnoll_camp_mini_house, gnoll_camp_mini_shop,
          gnoll_camp_mini_basic, minmay_a_box_with_orc_wizards_in_it
D:7:      layout_basic, minmay_temple_entry_arrows, serial_curves,
          eino_curves_01, eino_curves_01, grunt_gozag_breadcrumbs,
          uniq_prince_ribbit1
D:8:      minmay_distorted_concentric_squares, layout_layer_cave,
          lemuel_blue_sif_altar, lemuel_crystal_altar, gammafunk_ghost_grave,
          uniq_joseph
D:9:      hangedman_cross_veins, layout_long_grid,
          nicolae_overflow_crystal_walls, grunt_lair_entry_orc_guard_hut,
          hangedman_tell_no_tales
Temple:   compressed_dpeg_circular_temple

Skill      XL: |  1  2  3  4  5  6  7  8  9 10 |
---------------+-------------------------------+-----
Fighting       | 4 5 6 7 8 9 10 | 10.1
Armour         | 4 5 6 7 9 |  9.5
Axes           | 3 4 5 7 8 9 |  9.3
Shields        | 4 5 6 7 9 |  9.4
Polearms       | 3 4 |  4.6
Invocations    | 3 |  3.3

Action                   |  1- 3 |  4- 6 |  7- 9 | 10-12 || total
-------------------------+-------+-------+-------+-------++-------
Melee: War axe           |    98 |   134 |    60 |       ||   292
       Headbutt          |    12 |    23 |    38 |    28 ||   101
       Bite              |       |     6 |    20 |    16 ||    42
       Broad axe         |       |       |   181 |   134 ||   315
Invok: Heroism           |       |       |     3 |     2 ||     5
  Use: Scroll            |       |     6 |     1 |     1 ||     8
       Potion            |       |     5 |       |     2 ||     7
 Stab: Distracted        |       |       |       |     1 ||     1
Armor: Scale mail        |    28 |       |       |       ||    28
       Chain mail        |     2 |    62 |    97 |    57 ||   218
Dodge: Dodged            |    43 |    44 |   124 |    56 ||   267
Block: Kite shield       |    48 |    83 |   145 |    71 ||   347

Table legend: (Time is in decaauts)
 A = Elapsed time spent in this place.
 B = Non-inter-level travel time spent in this place.
 C = Inter-level travel time spent in this place.
 D = Time resting spent in this place.
 E = Time spent auto-exploring this place.
 F = Levels seen in this place.
 G = Mean time per level.
                   A        B        C        D        E       F      G
               +--------+--------+--------+--------+--------+-----+--------+
         Total |   8625 |   8459 |    166 |    655 |   5949 |  10 |  862.5 |
       Dungeon |   8496 |   8367 |    129 |    655 |   5870 |   9 |  944.0 |
        Temple |    129 |     92 |     37 |      0 |     79 |   1 |  129.0 |
               +--------+--------+--------+--------+--------+-----+--------+

Top non-repeatable levels by time:
     D:8: 1572 daAuts
     D:2: 1237 daAuts
     D:1: 992 daAuts
     D:6: 980 daAuts
     D:7: 914 daAuts
     D:9: 898 daAuts
     D:5: 731 daAuts
     D:4: 643 daAuts
     D:3: 525 daAuts
  Temple: 129 daAuts
